 Dungeon Crawl Stone Soup version 0.19.1-1-g22dce08 (webtiles) character file.

1053 Alarkh the Cleaver (level 8, -8/58 HPs)
             Began as a Demonspawn Monk on Jan 3, 2017.
             Was a Priest of Okawaru.
             Killed by divine providence
             ... invoked by an orc priest
              (14 damage)
             ... on level 5 of the Dungeon.
             The game lasted 00:10:44 (6287 turns).

Alarkh the Cleaver (Demonspawn Monk)                Turns: 6287, Time: 00:10:45

Health: -8/58      AC: 10    Str: 12    XL:     8   Next: 5%
Magic:  0/8        EV: 15    Int: 14    God:    Okawaru [***...]
Gold:   361        SH:  0    Dex: 17    Spells: 0 memorised, 7 levels left

rFire  . . .     SeeInvis .     a - +0 hand axe
rCold  . . .     Gourm    .     t - +0 ring mail
rNeg   . . .     Faith    .     (no shield)
rPois  +         Spirit   +     l - +0 hat
rElec  .         Reflect  .     (no cloak)
rCorr  .         Harm     .     k - +0 pair of gloves
MR     .....                    g - +0 pair of boots
Stlth  ++++......               (no amulet)
                                y - ring of poison resistance
                                h - +2 ring of dexterity

@: heroism
A: slimy green scales 1, nightstalker 1, magic shield, magic regeneration
a: Heroism, Renounce Religion


You were on level 5 of the Dungeon.
You worshipped Okawaru.
Okawaru was most pleased with you.
You were hungry.

You visited 1 branch of the dungeon, and saw 6 of its levels.

You collected 361 gold pieces.

Inventory:

Hand Weapons
 a - a +0 hand axe (weapon)
Armour
 b - a +0 robe
 g - a +0 pair of boots (worn)
 k - a +0 pair of gloves (worn)
 l - a +0 hat (worn)
 t - a +0 ring mail (worn)
Jewellery
 d - an uncursed ring of ice
 h - a +2 ring of dexterity (left hand)
 s - an uncursed ring of flight
 y - a ring of poison resistance (right hand)
Scrolls
 e - a scroll of identify
 j - 2 scrolls of remove curse
 m - 2 scrolls of noise
 o - 2 scrolls of immolation
 p - a scroll of recharging {unknown}
 q - a scroll of fear {unknown}
 u - a scroll of enchant weapon {unknown}
 w - a scroll of fog {unknown}
Potions
 i - 3 potions of flight
Comestibles
 c - 4 bread rations
 f - 2 meat rations
 n - 6 fruits
 r - a beef jerky
 z - a royal jelly


   Skills:
 - Level 3.3(8.3) Fighting
 + Level 8.8(13.8) Axes
 - Level 3.1(8.1) Dodging
 - Level 1.8(6.8) Stealth


You had 7 spell levels left.
You didn't know any spells.

Dungeon Overview and Level Annotations

Branches:
Dungeon (6/15)
 Temple: D:4-7

Altars:
Dithmenos
Gozag
Makhleb
Okawaru
Trog
The Shining One


Innate Abilities, Weirdness & Mutations

You are partially covered in slimy green scales. (AC +2)
You are slightly more attuned to the shadows.
When hurt, damage is shared between your health and your magic reserves.
You regenerate magic rapidly.


Message History

The orc priest completely misses you.
You hit the orc priest.
The orc priest is moderately wounded.
You hit the orc warrior but do no damage.
The orc warrior hits you with a short sword!
The orc priest invokes the aid of Beogh against you.
Beogh smites you!
* * * LOW HITPOINT WARNING * * *
Okay, then.
As you read the scroll labeled ECSOARH BUATA, it crumbles to dust.
The creatures around you are filled with an inner flame!
It was a scroll of immolation.
The orc warrior hits you with a short sword.
The orc priest completely misses you.
The orc warrior throws a tomahawk.
The tomahawk hits you.
* * * LOW HITPOINT WARNING * * *
You see here a tomahawk.
The orc priest mumbles some strange prayers to Beogh against you.
Beogh smites you!
You die...

#######.#########..............##
# #.# #...........###.## #
#####.########.##....###.# #.#. #
#......<.......##....# #.# #.#. #
#.###.########.#####.# #.# #.#. #
#.# #.# #.......# #.# #.## # #.#
#.# #.#####.# #.# #.# # #.# #.#
#.# #...# #.# #.# # #.# #.#
#@###.#.###.# #.# ###.# #.#
#####.(oo.......# #.# .##.# #.#
#.........#.##..###.# .#..# #.#
#.###..##.......#...## .#.## #.#
#.# #..##............# .#.#
#.####.###.....(.....#.##.. .#.#
#.##......#.##......##.#### .#.#
#.##.#.##.#.##......#...### .#.#
#...#..........#.#.........


You could see an orc warrior (inner flame) and an orc priest (inner flame).

Vanquished Creatures
  Grinder (D:4)
  Menkaure (D:5)
  A phantom (D:5)
  5 scorpions
  A howler monkey (D:4)
  A crimson imp (D:5)
  An orc priest (D:3)
  2 hounds (D:5)
  An iguana (D:4)
  2 worker ants (D:5)
  6 adders
  An adder skeleton (D:4)
  An adder zombie (D:5)
  3 worms
  4 dart slugs
  3 leopard geckos
  3 orcs
  15 bats
  6 giant cockroaches
  8 goblins
  13 hobgoblins
  8 jackals (D:3)
  3 quokkas
  A ball python (D:2)
  8 frilled lizards
  5 kobolds
  7 rats
111 creatures vanquished.

Vanquished Creatures (others)
  6 fungi
6 creatures vanquished.

Grand Total: 117 creatures vanquished

Notes
Turn   | Place    | Note
-------+----------+-------------------------------------------
     0 | D:1      | Alarkh the Demonspawn Monk began the quest for the Orb.
     0 | D:1      | Reached XP level 1. HP: 18/18 MP: 1/1
   184 | D:1      | Gained mutation: You are slightly more attuned to the shadows. [demonic ancestry]
   184 | D:1      | Reached XP level 2. HP: 21/24 MP: 2/2
   649 | D:1      | Reached skill level 3 in Axes
   800 | D:2      | Reached XP level 3. HP: 18/29 MP: 3/3
  2003 | D:3      | Found an opulent altar of Gozag.
  2004 | D:3      | Found a shadowy altar of Dithmenos.
  2007 | D:3      | Found a burning altar of Makhleb.
  2044 | D:3      | Reached skill level 4 in Axes
  2044 | D:3      | Gained mutation: You are partially covered in slimy green scales. (AC +2) [demonic ancestry]
  2044 | D:3      | Reached XP level 4. HP: 23/35 MP: 4/4
  2402 | D:3      | Found a glowing golden altar of the Shining One.
  2952 | D:3      | Found a bloodstained altar of Trog.
  2970 | D:3      | Found an iron altar of Okawaru.
  2978 | D:3      | Became a worshipper of Warmaster Okawaru
  2978 | D:3      | Reached * piety under Okawaru
  2978 | D:3      | Reached ** piety under Okawaru
  3076 | D:3      | Gained mutation: When hurt, damage is shared between your health and your magic reserves. [demonic ancestry]
  3076 | D:3      | Reached XP level 5. HP: 40/41 MP: 5/5
  3533 | D:4      | Reached skill level 5 in Axes
  3725 | D:4      | Noticed Grinder
  3751 | D:4      | Paralysed by Grinder for 2 turns
  3756 | D:4      | Killed Grinder
  3756 | D:4      | Reached skill level 6 in Axes
  3756 | D:4      | Gained mutation: You regenerate magic rapidly. [demonic ancestry]
  3756 | D:4      | Reached XP level 6. HP: 37/47 MP: 1/6
  3843 | D:4      | Found a burning altar of Makhleb.
  3976 | D:4      | Reached *** piety under Okawaru
  4396 | D:5      | Entered Level 5 of the Dungeon
  4703 | D:5      | Reached skill level 7 in Axes
  4703 | D:5      | Reached XP level 7. HP: 37/52 MP: 4/7
  4821 | D:5      | Noticed Menkaure
  5775 | D:5      | Killed Menkaure
  5775 | D:5      | Reached skill level 8 in Axes
  6190 | D:5      | Reached XP level 8. HP: 56/58 MP: 8/8
  6287 | D:5      | Killed from afar by an orc priest

Skill      XL: |  1  2  3  4  5  6  7 |
---------------+----------------------+-----
Dodging        | 3 |  3.1
Axes           | 3 4 6 7 8 |  8.8
Fighting       | |  3.3
Stealth        | |  1.8

Action                   |  1- 3 |  4- 6 |  7- 9 || total
-------------------------+-------+-------+-------++-------
Melee: Hand axe          |   130 |   276 |   156 ||   562
       Punch             |       |       |     2 ||     2
Invok: Heroism           |       |       |     6 ||     6
  Use: Scroll            |     1 |     4 |     2 ||     7
       Potion            |       |     3 |     3 ||     6
 Stab: Sleeping          |    16 |    14 |     1 ||    31
       Distracted        |     1 |       |     2 ||     3
  Eat: Chunk             |     4 |     8 |     5 ||    17
Armor: Robe              |    17 |    58 |    24 ||    99
       Ring mail         |       |       |    14 ||    14
Dodge: Dodged            |    75 |   186 |    92 ||   353
